 Dungeon Crawl Stone Soup version 0.17-a0-1701-gf693a3f (webtiles) character file.

2532 Gorice the Magician (level 9, -6/57 HPs)
             Began as a Vampire Wanderer on Aug 20, 2015.
             Was a Follower of Kikubaaqudgha.
             Mangled by Nanako's ghost (9 damage)
             ... on level 7 of the Dungeon on Aug 21, 2015.
             The game lasted 01:01:07 (9189 turns).

Gorice the Magician (Vampire Wanderer)              Turns: 9189, Time: 01:01:07

Health: -6/57      AC:  5    Str: 11    XL:     9   Next: 30%
Magic:  13/20      EV: 12    Int: 21    God:    Kikubaaqudgha [*.....]
Gold:   139        SH:  0    Dex: 12    Spells: 4 memorised, 15 levels left

rFire  + . .     SeeInvis +     a - +0 quarterstaff
rCold  . . .     Clarity  .     L - +2 leather armour {rF+}
rNeg   + + .     SustAt   .     (no shield)
rPois  .         Gourm    .     (no helmet)
rElec  .         Spirit   .     (no cloak)
rCorr  .         Warding  +     (no gloves)
rMut   .         Stasis   .     (no boots)
MR     .....                    A - amulet of warding
Stlth  ++........               s - +2 ring of intelligence
                                i - +2 ring of evasion

@: not resistant to hostile enchantments, unstealthy
A: fangs 3, see invisible, unbreathing
a: Bat Form, Receive Corpses, Renounce Religion


You were on level 7 of the Dungeon.
You worshipped Kikubaaqudgha.
Kikubaaqudgha was aware of your devotion.
You were not thirsty.

You visited 1 branch of the dungeon, and saw 7 of its levels.

You collected 229 gold pieces.
You spent 90 gold pieces at shops.

Inventory:

Hand weapons
 a - a +0 quarterstaff (weapon)
 b - a +0 hunting sling
 d - a -2 lajatang
 n - a +0 rapier
 r - a +0 dagger
 x - a +0 long sword
Missiles
 k - 19 sling bullets
 C - 7 javelins
 J - a poisoned sling bullet
 P - 19 poisoned needles
 X - 5 tomahawks of dispersal
 Z - 80 stones (quivered)
Armour
 L - a +2 leather armour of fire resistance (worn)
   (You found it on level 6 of the Dungeon)
 M - a +4 scale mail of poison resistance
   (You took it off Edmund on level 6 of the Dungeon)
Jewellery
 i - a +2 ring of evasion (left hand)
 s - a +2 ring of intelligence (right hand)
 w - an uncursed amulet of faith {!P}
 A - an amulet of warding (around neck)
 H - an uncursed ring of ice
Magical devices
 c - a wand of digging (15)
 l - a wand of frost (26)
 E - a wand of slowing (38)
 O - a wand of frost (17)
Scrolls
 m - 3 scrolls of amnesia
 z - a scroll of remove curse
Potions
 f - 12 potions of blood
 g - a potion of magic {!q}
 j - a potion of berserk rage {unknown}
 o - a potion of lignification {!q}
 p - 2 potions of heal wounds {!q}
 q - 2 potions of agility {!q}
 v - 3 potions of might {!q}
 B - 2 potions of haste {!q}
 D - 2 potions of brilliance {unknown}
 F - a potion of mutation {unknown}
 G - a potion of invisibility {!q}
 I - 4 potions of flight {unknown}
Books
 e - a book of Minor Magic
 N - Kikubaaqudgha's Compendium of Dark Rites
   (Kikubaaqudgha gifted it to you on level 6 of the Dungeon)

   Spells                             Type                      Level
   a - Animate Skeleton               Necromancy                   1
   b - Corpse Rot                     Necromancy                   2
   c - Sublimation of Blood           Necromancy                   2
   d - Vampiric Draining              Necromancy                   3
   e - Control Undead                 Necromancy                   4


   Skills:
 - Level 3.0 Stealth
 + Level 7.8 Spellcasting
 * Level 4.9 Conjurations
 - Level 6.0 Summonings
 - Level 5.3 Fire Magic


You had 15 spell levels left.
You knew the following spells:

 Your Spells              Type           Power        Failure   Level  Hunger
a - Magic Dart            Conj           ####         1%          1    None
b - Call Imp              Summ           ####....     1%          2    None
c - Conjure Flame         Conj/Fire      ####....     4%          3    None
M - Repel Missiles        Chrm/Air       #.....       21%         2    None


Dungeon Overview and Level Annotations

Branches:
Dungeon (7/15)
 Temple: D:4-7

Altars:
Cheibriados
Dithmenos
Fedhas
Kikubaaqudgha
Makhleb
Nemelex Xobeh
Okawaru
Zin
The Shining One

Shops:
D:4 !

Annotations:
D:3 pUX: 4 wights!
D:4 exclusion: centaur
D:5 Blork the orc, Prince Ribbit
D:7 Nanako's ghost, experienced DsCK


Innate Abilities, Weirdness & Mutations

You have razor-sharp teeth.
You have supernaturally acute eyesight.
You can survive without breathing.


Message History

Casting: Conjure Flame
Confirm with . or Enter, or press ? or * to list all spells.
Aiming: Conjure Flame
Press: ? - help, Dir - move target cursor The fire roars!
Nanako's ghost is engulfed in roaring flames. x2
Nanako's ghost hits you. Nanako's ghost burns you.
Damage: 7 (max 7)
You hit Nanako's ghost.
Nanako's ghost is moderately damaged.
Nanako's ghost is engulfed in roaring flames.
Nanako's ghost hits you.
Damage: 3 (max 7)
You barely miss Nanako's ghost.
Nanako's ghost is moderately damaged.
Nanako's ghost is engulfed in roaring flames.
Nanako's ghost hits you! Nanako's ghost burns you.
Damage: 10 (max 10)
You barely miss Nanako's ghost.
Nanako's ghost is heavily damaged.
Nanako's ghost hits you.
Damage: 3 (max 10)
You barely miss Nanako's ghost.
Nanako's ghost is heavily damaged.
Nanako's ghost barely misses you.
Nanako's ghost is engulfed in roaring flames.
Nanako's ghost hits you.
Damage: 1 (max 10)
You barely miss Nanako's ghost.
You bite Nanako's ghost, but do no damage.
Nanako's ghost is heavily damaged.
Nanako's ghost is engulfed in roaring flames.
Nanako's ghost hits you. Nanako's ghost burns you.
Damage: 6 (max 10)
You hit Nanako's ghost but do no damage.
Nanako's ghost is severely damaged.
Nanako's ghost hits you! Nanako's ghost burns you.
Damage: 9 (max 10) Unknown command.
You closely miss Nanako's ghost.
Nanako's ghost is severely damaged.
Nanako's ghost is engulfed in roaring flames.
Nanako's ghost hits you!
* * * LOW HITPOINT WARNING * * *
Nanako's ghost burns you.
* * * LOW HITPOINT WARNING * * *
Nanako's ghost is engulfed in roaring flames.
Nanako's ghost hits you!
You die...
Kikubaaqudgha rasps: "You have failed me!
Welcome... oblivion!"

###+#
#≈≈.≈≈
#≈8.8§###
+.._.(†.#
#≈8.8§#§#
#≈≈.≈ #§#
###+ ##W#
#.@#
##.##
#..# #.##
#.# #.#
#.# ##.#
#..#


You could see Nanako's ghost.

Vanquished Creatures
  Sigmund (D:5)
  Eustachio (D:6)
  Edmund (D:6)
  A water moccasin (D:5)
  Duvessa (D:5)
  An orc warrior (D:6)
  2 ogres
  A phantom (D:5)
  2 sky beasts
  2 black bears
  A centaur (D:5)
  4 giant frogs
  Dowan (D:5)
  3 crimson imps (D:6)
  A quasit (D:7)
  2 centaur skeletons
  2 orc priests
  Ijyb (D:2)
  A giant frog skeleton (D:5)
  2 iguanas (D:5)
  3 orc wizards
  Natasha (thrice) (D:2)
  2 worker ants (D:6)
  A killer bee zombie (D:6)
  9 adders
  2 shadow imps
  3 adder skeletons
  2 worms
  12 orcs
  A ball python (D:2)
  6 giant cockroaches
  12 goblins
  10 hobgoblins
  7 jackals
  A quokka (D:7)
  8 bats
  5 giant geckos
  A giant gecko zombie (D:6)
  7 giant newts
  5 kobolds
  A quokka skeleton (D:5)
  A quokka zombie (D:5)
  8 rats
141 creatures vanquished.

Vanquished Creatures (collateral kills)
  2 hounds
  An orc priest (D:6)
  An orc wizard (D:6)
  A killer bee zombie (D:6)
  3 orcs
8 creatures vanquished.

Grand Total: 149 creatures vanquished

Notes
Turn   | Place    | Note
--------------------------------------------------------------
     0 | D:1      | Gorice the Vampire Wanderer began the quest for the Orb.
     0 | D:1      | Gorice set off with: a book of Minor Magic, a potion of lignification {!q}, a scroll of teleportation {!r}, a +0 robe, a +0 dagger, a potion of blood
     0 | D:1      | Reached XP level 1. HP: 13/13 MP: 5/5
     2 | D:1      | Learned a level 1 spell: Magic Dart
    33 | D:1      | Reached skill level 3 in Conjurations
   373 | D:1      | Reached XP level 2. HP: 13/19 MP: 2/7
  1108 | D:2      | Reached XP level 3. HP: 24/24 MP: 6/8
  1171 | D:2      | Noticed Natasha
  1179 | D:2      | Killed Natasha
  1311 | D:2      | Noticed Natasha
  1313 | D:2      | Noticed Ijyb
  1629 | D:2      | Killed Ijyb
  1629 | D:2      | Reached XP level 4. HP: 28/30 MP: 5/10
  1734 | D:2      | Reached skill level 4 in Conjurations
  1965 | D:2      | Killed Natasha
  2146 | D:2      | Learned a level 2 spell: Repel Missiles
  2375 | D:3      | Reached XP level 5. HP: 33/35 MP: 6/12
  2425 | D:2      | Found a blossoming altar of Fedhas.
  2425 | D:2      | Found a snail-covered altar of Cheibriados.
  2425 | D:2      | Noticed Natasha
  2596 | D:3      | HP: 9/35 [wight/enchanted flail (5)]
  2641 | D:3      | HP: 10/35 [goblin/club (3)]
  2864 | D:2      | Learned a level 2 spell: Call Imp
  2890 | D:2      | Killed Natasha
  3043 | D:3      | Reached skill level 1 in Summonings
  3084 | D:3      | --A posse of 4 wights on D3 - eek!
  3348 | D:4      | Noticed a centaur
  3583 | D:4      | Found an ancient bone altar of Kikubaaqudgha.
  3711 | D:4      | Found Fileroeg's Distillery.
  3740 | D:4      | Bought a potion of heal wounds for 50 gold pieces
  3740 | D:4      | Bought a potion of might for 40 gold pieces
  3791 | D:4      | Reached skill level 2 in Summonings
  4355 | D:5      | Entered Level 5 of the Dungeon
  4398 | D:5      | Reached skill level 5 in Spellcasting
  4432 | D:5      | Reached XP level 6. HP: 22/41 MP: 5/13
  4597 | D:5      | Learned a level 3 spell: Conjure Flame
  4617 | D:5      | Noticed an ogre
  4650 | D:5      | Killed an ogre
  4650 | D:5      | Reached skill level 3 in Summonings
  4690 | D:5      | Found an iron altar of Okawaru.
  4801 | D:4      | Became a worshipper of Kikubaaqudgha
  4857 | D:5      | Found a glowing silver altar of Zin.
  4973 | D:5      | Noticed a centaur
  4973 | D:5      | Noticed a water moccasin
  4989 | D:5      | Noticed Sigmund
  5003 | D:5      | Killed Sigmund
  5003 | D:5      | Reached skill level 4 in Summonings
  5003 | D:5      | Reached XP level 7. HP: 34/46 MP: 7/15
  5008 | D:5      | Killed a water moccasin
  5210 | D:5      | Reached skill level 5 in Summonings
  5229 | D:5      | Found a burning altar of Makhleb.
  5267 | D:5      | HP: 13/46 [giant frog skeleton (3)]
  5752 | D:5      | Killed a centaur
  5752 | D:5      | Reached skill level 6 in Spellcasting
  5938 | D:5      | Found a shadowy altar of Dithmenos.
  5963 | D:5      | Noticed Prince Ribbit
  6013 | D:5      | Noticed Duvessa
  6013 | D:5      | Noticed Dowan
  6045 | D:5      | Killed Dowan
  6045 | D:5      | Reached skill level 6 in Summonings
  6098 | D:5      | HP: 12/46 [Duvessa/rapier (17)]
  6112 | D:5      | Killed Duvessa
  6112 | D:5      | Reached skill level 1 in Fire Magic
  6112 | D:5      | Reached XP level 8. HP: 23/52 MP: 7/17
  6117 | D:5      | HP: 15/52 [orc wizard/puff of flame (9)]
  6119 | D:5      | HP: 6/52 [orc/war axe (5)]
  6138 | D:4      | Noticed a sky beast
  6149 | D:4      | Killed a sky beast
  6333 | D:5      | Noticed Blork the orc
  6502 | D:5      | Reached skill level 2 in Fire Magic
  6853 | D:6      | Found a sparkling altar of Nemelex Xobeh.
  7251 | D:6      | Reached skill level 3 in Fire Magic
  7376 | D:4      | HP: 12/52 [hound (5)]
  7811 | D:6      | Reached skill level 7 in Spellcasting
  7811 | D:6      | Reached skill level 4 in Fire Magic
  7813 | D:6      | Noticed Edmund
  7830 | D:6      | Killed Edmund
  8266 | D:6      | Reached skill level 5 in Fire Magic
  8266 | D:6      | Reached XP level 9. HP: 57/57 MP: 13/19
  8272 | D:6      | Upgraded the game from 0.17-a0-1691-g18a3847 to 0.17-a0-1701-gf693a3f
  8357 | D:6      | Noticed Eustachio
  8389 | D:6      | Acquired Kikubaaqudgha's first power
  8389 | D:6      | Received a gift from Kikubaaqudgha
  8390 | D:6      | Identified Kikubaaqudgha's Compendium of Dark Rites (Kikubaaqudgha gifted it to you on level 6 of the Dungeon)
  8436 | D:6      | Killed Eustachio
  9073 | D:7      | Found a glowing golden altar of the Shining One.
  9180 | D:7      | Noticed Nanako's ghost (experienced DsCK)
  9189 | D:7      | HP: 6/57 [Nanako's ghost (12)]
  9189 | D:7      | Mangled by Nanako's ghost

Vault maps used:
D:1:      saegor_arrival_simple_a
D:2:      nicolae_overflow_hidden_temple, first_bread, uniq_iyjb, uniq_natasha
D:3:      kennysheep_small_spiral
D:4:      lemuel_doored_altar, serial_shops, shop
D:5:      bloody_makhleb, tgw_sif, nicolae_overflow_crystal_walls,
          old_standard_altar, lemuel_round_altar, uniq_prince_ribbit1,
          uniq_sigmund, uniq_duvessa
D:6:      nemelex_deck, uniq_eustachio, uniq_edmund
D:7:      kennysheep_little_box, minmay_temple_entry_poolview

Action                   |  1- 3 |  4- 6 |  7- 9 || total
-------------------------+-------+-------+-------++-------
Melee: Dagger            |    15 |    33 |    13 ||    61
       Quarterstaff      |       |       |    92 ||    92
 Fire: Hunting sling     |    13 |    34 |    83 ||   130
Throw: Stone             |       |     2 |       ||     2
       Javelin           |       |     3 |     3 ||     6
 Cast: Magic Dart        |    59 |   139 |   124 ||   322
       Call Imp          |       |     1 |    22 ||    23
       Conjure Flame     |       |     1 |    22 ||    23
       Repel Missiles    |       |     1 |     2 ||     3
  Use: Scroll            |     6 |     4 |     6 ||    16
       Potion            |     3 |    10 |    14 ||    27
 Stab: Sleeping          |       |     1 |     1 ||     2

Table legend:
 A = Turns spent in this place as a percentage of turns spent in the entire game.
 B = Non-inter-level travel turns spent in this place as a percentage of non-inter-level travel turns spent in the entire game.
 C = Inter-level travel turns spent in this place as a percentage of turns spent in this place.
 D = Turns resting spent in this place as a percentage of non-inter-level travel turns spent in this place.
 E = Turns spent auto-exploring this place as a percentage of non-inter-level travel turns spent in this place.
 F = Non-inter-level travel turns spent in this place divided by the number of levels of this place that you've seen.
                   A       B       C       D       E      F
               +-------+-------+-------+-------+-------+----------------------
         Total | 100.0 | 100.0 |   0.7 |   6.0 |   5.0 | 410.1
       Dungeon | 100.0 | 100.0 |   0.7 |   6.0 |   5.0 | 410.1
               +-------+-------+-------+-------+-------+----------------------

Vault maps used:
D:1:      saegor_arrival_simple_a
D:2:      nicolae_overflow_hidden_temple, first_bread, uniq_iyjb, uniq_natasha
D:3:      kennysheep_small_spiral
D:4:      lemuel_doored_altar, serial_shops, shop
D:5:      bloody_makhleb, tgw_sif, nicolae_overflow_crystal_walls,
          old_standard_altar, lemuel_round_altar, uniq_prince_ribbit1,
          uniq_sigmund, uniq_duvessa
D:6:      nemelex_deck, uniq_eustachio, uniq_edmund
D:7:      kennysheep_little_box, minmay_temple_entry_poolview
